 Dungeon Crawl Stone Soup version 0.28.0-45-g0d030f2227 (webtiles) character file.

Game seed: 11232502596725573634

59 NinjaNoafa the Magician (level 3, 31/31 HPs)
             Began as a Troll Hedge Wizard on Apr 2, 2022.
             Quit the game on level 2 of the Dungeon on Apr 3, 2022.
             The game lasted 00:06:28 (1223 turns).

NinjaNoafa the Magician (Troll Hedge Wizard)        Turns: 1223, Time: 00:06:28

Health: 31/31      AC:  4    Str: 18    XL:     3   Next: 78%
Magic:  5/5        EV: 10    Int: 12    God:
Gold:   52         SH:  0    Dex:  9    Spells: 5/6 levels left

rFire   . . .      SeeInvis .   (no weapon)
rCold   + . .      Faith    .   (no shield)
rNeg    . . .      Spirit   .   b - +0 robe
rPois   .          Reflect  .   c - +0 hat
rElec   .          Harm     .   (no cloak)
rCorr   .          Rampage  .   (gloves unavailable)
Will    .....                   (boots unavailable)
Stlth   +.........              (no amulet)
HPRegen 0.90/turn               e - ring of protection from cold
MPRegen 0.09/turn               (no ring)

@: no status effects
A: large, unfitting armour, claws 3, regeneration 1, shaggy fur 1, tough skin 1
a: no special abilities


You were on level 2 of the Dungeon.
You visited 1 branch of the dungeon, and saw 2 of its levels.

You collected 52 gold pieces.

Inventory:

Hand Weapons
 a - a +0 dagger
Missiles
 h - 47 stones
Armour
 b - a +0 robe (worn)
 c - a +0 hat (worn)
Jewellery
 e - a ring of protection from cold (left claw)
Scrolls
 d - 3 scrolls of identify {unknown}
 g - 3 scrolls of vulnerability {unknown}
Potions
 f - 2 potions of attraction {unknown}
 i - a potion of might {unknown}
 j - a potion of lignification {unknown}


   Skills:
 + Level 0.1 Fighting
 + Level 2.0 Dodging
 + Level 1.2 Stealth
 * Level 2.3 Spellcasting
 + Level 1.1 Conjurations
 + Level 1.1 Summonings
 + Level 1.0 Translocations


You had 5 spell levels left.
You knew the following spells:

 Your Spells              Type           Power      Damage    Failure   Level
a - Magic Dart            Conj           16%        1d3       17%         1

Your spell library contained the following spells:

 Spells                   Type           Power      Damage    Failure   Level
 Slow                     Hex            4%         N/A       26%         1
 Blink                    Tloc           6%         N/A       26%         2
 Call Imp                 Summ           4%         N/A       26%         2
 Conjure Flame            Conj/Fire      2%         6-21      54%         3
 Mephitic Cloud           Conj/Pois/Air  2%         N/A       56%         3
 Freezing Cloud           Conj/Ice/Air   1%         6-21      99%         5
 Simulacrum               Ice/Necr       0%         N/A       100%        6
 Polar Vortex             Ice            0%         N/A       100%        9


Dungeon Overview and Level Annotations

Branches:
Dungeon (2/15)

Altars:
Zin


Innate Abilities, Weirdness & Mutations

You are too large for most types of armour.
You have claws for hands.
Your natural rate of healing is unusually fast.
You are covered in fur. (AC +1)
You have tough skin. (AC +1)


Message History

You claw the bat!
You kill the bat!
No target in view!
No target in view!
No target in view!
No target in view!
No target in view!
No target in view!
No target in view!
Found a stone staircase leading up.
A bat comes into view.
The bat barely misses you. The bat hits you but does no damage.
You closely miss the bat. The bat barely misses you.
The bat hits you but does no damage. The bat hits you.
You barely miss the bat. The bat hits you but does no damage.
You closely miss the bat. The bat barely misses you.
You claw the bat!
You kill the bat!
No target in view!
No target in view!
You see here a bat corpse.
A goblin comes into view.
It is wielding a +0 dagger of protection.
The goblin hits you but does no damage.
You barely miss the goblin. The goblin closely misses you.
You scratch the goblin.
The goblin is moderately wounded.
The goblin hits you but does no damage.
You scratch the goblin.
You kill the goblin!
No target in view!
No target in view!
No target in view!
No target in view!
No target in view!
You see here a +0 dagger of protection.
A giant cockroach comes into view.
Are you sure you want to abandon this character and quit the game? (Confirm with "yes".)
Okay, then.
Are you sure you want to abandon this character and quit the game? (Confirm with "yes".)

#.# #.##...
#####.######.##...
#..........#.##...
#..........#......
#.)........######.
########...............#.
.........................
####..............##<#.#.
#.###@.........####.#.
.......#####.##.....#.#.
........ #.######.#.#.
........ ###.....†..#.#.
........ ........#..#.##
....... #######.#......
....... #.#....#. B......
#.#...... #......##


You could see a giant cockroach (asleep).

Vanquished Creatures
  An adder (D:2)
  A dart slug (D:1)
  9 ball pythons
  5 bats
  An endoplasm (D:2)
  5 giant cockroaches
  6 goblins
  4 hobgoblins
  2 jackals (D:1)
  A quokka (D:2)
  A frilled lizard (D:2)
  2 kobolds (D:1)
  6 rats (D:2)
44 creatures vanquished.

Notes
Turn   | Place    | Note
-------+----------+-------------------------------------------
     0 | D:1      | NinjaNoafa the Troll Hedge Wizard began the quest for the
                  | Orb.
     0 | D:1      | Reached XP level 1. HP: 16/16 MP: 2/2
   126 | D:1      | Reached XP level 2. HP: 19/24 MP: 4/4
   572 | D:2      | Reached skill level 1 in Summonings
   612 | D:2      | Found a glowing silver altar of Zin.
   626 | D:2      | Reached skill level 1 in Conjurations
   626 | D:2      | Reached skill level 1 in Translocations
   640 | D:2      | Reached XP level 3. HP: 22/31 MP: 5/5
  1223 | D:2      | Quit the game

Illustrated notes

Levels and vault maps discovered:
D:1:      lemuel_arrival_rhombus, layout_rooms
D:2:      minmay_angry_zag, layout_basic, basic_altar,
          nicolae_ecumenical_lake_church

Skill      XL: |  1  2  3 |
---------------+----------+-----
Summonings     | 1 |  1.1
Conjurations   | 1 |  1.1
Translocations | 1 |  1.0
Dodging        | 2 |  2.0
Fighting       | |  0.1
Stealth        | |  1.2
Spellcasting   | |  2.3

Action                   || total
-------------------------++-------
Melee: Unarmed           ||   144
       Dagger            ||     9
       Punch             ||     2
 Cast: Magic Dart        ||     8
 Stab: Sleeping          ||     1
Armor: Robe              ||    93
Dodge: Dodged            ||    98
